cohdb
Replays
Latest Replays
All Replays
Popular Replays
Top Player Replays
Match Explorer
How It Works
Community
CoH3 Stats
Reddit
Sign in to upload your games and track your stats! →
Sign in with Steam
Match 37845757
Unlisted
Match 37845757
Overview
Messages
Build Orders
End
Royal Engineer Section
Construct Section Command Post
Infantry Section
Infantry Section
Dingo Light Scout Car
Construct Platoon Command Post
Humber Armored Car
6-pounder Anti-tank Gun Team
Selects Indian Artillery Battlegroup
Selects War Cry
Selects Gurkha Rifles Section
Gurkha Rifles Section
Infantry Section
Construct Field Infirmary
Infantry Training
Selects Volunteer Infantry
Selects Towed ML 4.2-inch Heavy Mortar
6-pounder Anti-tank Gun Team
STALKER4732
kit.ohume
Boneless
ValiantHawk
0
0
Comments
sign in to comment!
No comments posted yet!